 Dungeon Crawl Stone Soup version 0.25.1-2-g60ff931df9 (webtiles) character file.

Game seed: 12272874632339910341

1047 Britanger the Thaumaturge (level 8, -16/41 HPs)
             Began as a Deep Elf Wizard on Oct 17, 2020.
             Killed from afar by Maggie (21 damage)
             ... with a bolt of fire
             ... on level 6 of the Dungeon.
             The game lasted 00:37:49 (7668 turns).

Britanger the Thaumaturge (Deep Elf Wizard)         Turns: 7668, Time: 00:37:50

Health: -16/41     AC:  3    Str:  4    XL:     8   Next: 5%
Magic:  21/22      EV: 16    Int: 31    God:
Gold:   212        SH:  0    Dex: 14    Spells: 16/23 levels left

rFire    . . .     SeeInvis .   p - +3 spear
rCold    . . .     Gourm    .   (no shield)
rNeg     . . .     Faith    .   m - +0 robe
rPois    .         Spirit   .   b - +0 hat
rElec    .         Reflect  .   t - +0 cloak
rCorr    .         Harm     .   (no gloves)
MR       +....                  (no boots)
Stlth    ++........             (no amulet)
HPRegen  0.13/turn              e - +6 ring of intelligence
MPRegen  0.18/turn              s - ring of protection from magic

@: no status effects
A: no striking features
a: no special abilities


You were on level 6 of the Dungeon.
You were hungry.

You visited 1 branch of the dungeon, and saw 7 of its levels.

You collected 212 gold pieces.

Inventory:

Hand Weapons
 p - a +3 spear (weapon)
Armour
 b - a +0 hat (worn)
 m - a +0 robe (worn)
 t - a +0 cloak (worn)
Jewellery
 e - a +6 ring of intelligence (left hand)
 s - a ring of protection from magic (right hand)
Wands
 a - a wand of enslavement (6)
 c - a wand of acid (7)
Scrolls
 f - a scroll of enchant armour
 i - 3 scrolls of enchant weapon
 l - a scroll of fog
 u - a scroll of remove curse
Potions
 g - a potion of resistance {unknown}
 h - a potion of curing
 j - a potion of haste {unknown}
 k - a potion of lignification {unknown}
 q - 2 potions of mutation
 r - a potion of berserk rage {unknown}
Comestibles
 d - 10 rations


   Skills:
 + Level 6.3 Dodging
 - Level 2.4 Stealth
 - Level 8.1 Spellcasting
 - Level 6.1 Conjurations
   Level 1.1 Summonings
   Level 1.1 Translocations
 + Level 1.2 Fire Magic
 + Level 1.2 Poison Magic


You had 16 spell levels left.
You knew the following spells:

 Your Spells              Type           Power        Failure   Level  Hunger
a - Magic Dart            Conj           ####         1%          1    None
b - Conjure Flame         Conj/Fire      #####...     2%          3    None
c - Mephitic Cloud        Conj/Pois/Air  ####....     4%          3    None

Your spell library contained the following spells:

 Spells                   Type           Power        Failure   Level  Hunger
 Blink                    Tloc           N/A          3%          2    None
 Call Imp                 Summ           ###.....     3%          2    None
 Slow                     Hex            ##......     6%          2    None


Dungeon Overview and Level Annotations

Branches:
Dungeon (7/15)
 Temple: D:4-7

Altars:
Dithmenos
Hepliaklqana
Trog
Uskayaw

Annotations:
D:6 Maggie


Message History

Confirm with . or Enter, or press ? or * to list all spells.
Aiming: Magic Dart (safe; 1% risk of failure)
Press: ? - help, Shift-Dir - straight line, f/p - worker ant
Aim: a worker ant (severely wounded)
The magic dart hits the worker ant.
You kill the worker ant!
Found a scroll labeled SATWOU WACISKI.
Maggie the Vainglorious comes into view.
She is wielding a +1 war axe of distortion and carrying a wand of disintegration (13).
Maggie shouts!
Maggie zaps a wand.
You are blasted!
Ouch! That really hurt!
Maggie practices a pose.
Maggie gestures at you while chanting. The bolt of fire hits you!
* * * LOW HITPOINT WARNING * * *
You open the door.
Maggie zaps a wand.
You easily resist.
Maggie points at you and mumbles some strange words.
The bolt of fire hits you!!
Ouch! That really hurt!
You die...

.........# .....
@.../....##+#####...#
..#####..>.....##...##
#........#.....#
#...@....#...).#
#........#...<.#
#........##+##########
###.......#...#......#
#.......@...#......#
#.>.....#...#(.....#
#.......#...#......#
#.......#+###......#
.....................#
......................#
.......................#
.......................#
.......................#
#


You could see Maggie.

Vanquished Creatures
  An orc warrior (D:3)
  An ice beast (D:4)
  An ogre (D:4)
  2 scorpions
  2 crimson imps (D:5)
  An orc priest (D:3)
  Crazy Yiuf (D:5)
  An orc wizard (D:4)
  2 iguanas
  Ijyb (D:5)
  7 worker ants
  2 hound skeletons
  4 gnolls (D:3)
  13 adders
  An ooze (D:1)
  3 worms
  4 dart slugs
  3 leopard geckos
  12 orcs
  A ball python (D:4)
  4 giant cockroaches
  2 hobgoblins (D:1)
  3 jackals (D:1)
  2 quokkas
  10 bats
  4 frilled lizards
  8 kobolds
  9 rats
105 creatures vanquished.

Notes
Turn   | Place    | Note
-------+----------+-------------------------------------------
     0 | D:1      | Britanger the Deep Elf Wizard began the quest for the Orb.
     0 | D:1      | Reached XP level 1. HP: 10/10 MP: 7/7
   275 | D:1      | Reached XP level 2. HP: 15/15 MP: 1/9
   358 | D:1      | Reached skill level 5 in Spellcasting
   560 | D:2      | Reached XP level 3. HP: 12/19 MP: 7/11
   942 | D:1      | Learned a level 3 spell: Conjure Flame
  1702 | D:2      | Reached XP level 4. HP: 21/24 MP: 8/13
  2153 | D:2      | Learned a level 3 spell: Mephitic Cloud
  2210 | D:2      | Found a hide-covered altar of Uskayaw.
  2210 | D:2      | Found a bloodstained altar of Trog.
  2645 | D:3      | Reached skill level 6 in Spellcasting
  2783 | D:3      | Reached XP level 5. HP: 22/28 MP: 8/15
  3575 | D:3      | Noticed an orc warrior
  3591 | D:3      | Reached skill level 7 in Spellcasting
  3627 | D:3      | Killed an orc warrior
  3627 | D:3      | Reached XP level 6. HP: 32/32 MP: 0/18
  4260 | D:4      | Reached skill level 8 in Spellcasting
  4524 | D:4      | Reached skill level 5 in Dodging
  4524 | D:4      | Reached XP level 7. HP: 36/36 MP: 10/20
  4631 | D:5      | Entered Level 5 of the Dungeon
  5418 | D:5      | Noticed Ijyb
  5730 | D:5      | Reached skill level 5 in Conjurations
  6302 | D:5      | Found a runed translucent door.
  6303 | D:5      | Noticed Crazy Yiuf
  6313 | D:5      | Killed Crazy Yiuf
  6465 | D:5      | Killed Ijyb
  6937 | D:5      | Found a hazy altar of Hepliaklqana.
  6943 | D:5      | Reached skill level 1 in Fire Magic
  6943 | D:5      | Reached XP level 8. HP: 41/41 MP: 15/22
  6945 | D:5      | Found a shadowy altar of Dithmenos.
  7053 | D:5      | Reached skill level 1 in Poison Magic
  7654 | D:6      | Noticed Maggie
  7668 | D:6      | Killed from afar by Maggie

Illustrated notes

Levels and vault maps discovered:
D:1:      dpeg_arrival_court, layout_basic, serial_bayou_lake_a
D:2:      layout_loops_corners, gammafunk_temple_overflow_wave
D:3:      layout_basic, first_ration
D:4:      layout_basic, roderic_roman_lattice
D:5:      layout_loops_ring, riverfiend_overflow_shadow_ancestor, uniq_ijyb,
          uniq_crazy_yiuf_cottage
D:6:      layout_gridville, minmay_temple_entry_glass, kennysheep_nub,
          uniq_maggie
D:7:      layout_rooms, chequers_temple_overflow_statue_of_worship, uniq_joseph

Skill      XL: |  1  2  3  4  5  6  7  8 |
---------------+-------------------------+-----
Spellcasting   | 5 6 7 8 |  8.1
Dodging        | 3 4 5 6 |  6.3
Conjurations   | 2 3 4 6 |  6.1
Fire Magic     | 1 |  1.2
Poison Magic   | 1 |  1.2
Stealth        | |  2.4
Summonings     | |  1.1
Translocations | |  1.1

Action                   |  1- 3 |  4- 6 |  7- 9 || total
-------------------------+-------+-------+-------++-------
 Cast: Magic Dart        |    79 |   142 |   154 ||   375
       Conjure Flame     |       |     5 |     3 ||     8
       Mephitic Cloud    |       |     2 |     5 ||     7
  Use: Scroll            |     5 |     6 |     2 ||    13
       Potion            |       |     1 |     3 ||     4
  Eat: Chunk             |     2 |     9 |     5 ||    16
       Ration            |       |       |     1 ||     1
Armor: Robe              |     2 |     2 |    15 ||    19
Dodge: Dodged            |     8 |    19 |    59 ||    86
